 Seeded DCSS version 0.29-a0-617-g7a6b98fccd (webtiles) character file.

Game seed: 1510789095703407431 (custom seed)

5313 wilfster70 the Summoner (level 10, -14/111 HPs)
             Began as a Gnoll Summoner on Feb 2, 2022.
             Was an Initiate of Gozag.
             Demolished by a tentacled starspawn (18 damage)
             ... on level 1 of the Abyss on June 17, 2022.
             The game lasted 00:36:45 (11295 turns).

wilfster70 the Summoner (Gnoll Summoner)           Turns: 11295, Time: 00:36:46

Health: -14/111    AC: 25    Str:  8    XL:     10   Next: 64%
Magic:  13/21      EV:  2    Int: 19    God:    Gozag
Gold:   1023       SH:  5    Dex: 12    Spells: 15/24 levels left

rFire   . . .      SeeInvis .   a - +5 lajatang (speed)
rCold   + . .      Faith    .   (shield currently unavailable)
rNeg    . . .      Spirit   .   (body armour currently unavailable)
rPois   +          Reflect  +   (helmet currently unavailable)
rElec   .          Harm     .   (cloak currently unavailable)
rCorr   .          Rampage  .   (gloves currently unavailable)
Will    .....      NoTele   +   (boots currently unavailable)
Stlth   +++.......              h - amulet of reflection
HPRegen 0.28/turn               e - ring of protection from cold
MPRegen 0.17/turn               u - ring of the Hare {EV+8}

@: tree-form, studying Dodging
A: stationary, stasis, torment immunity, boosted hp, (fangs 1), strong nose,
distributed training
a: Renounce Religion, Potion Petition, Call Merchant, Bribe Branch


You were on level 1 of the Abyss.
You worshipped Gozag.
Gozag was most pleased with you.
You were a tree.
You visited 2 branches of the dungeon, and saw 11 of its levels.
You visited the Abyss 1 time.

You collected 1323 gold pieces.
You spent 210 gold pieces at shops.
You paid 90 gold pieces to Gozag.

Inventory:

Hand Weapons
 a - a +5 lajatang of speed (weapon)
Missiles
 b - 247 stones
 l - 2 atropa-tipped darts
 n - 8 poisoned darts
 o - a throwing net
 x - 22 sling bullets
Armour
 f - a +0 robe (melded)
 i - a +0 pair of boots (melded)
 m - a +0 helmet (melded)
 p - a +0 pair of gloves
 t - a +2 pair of gloves (melded)
Jewellery
 e - a ring of protection from cold (left branch)
 h - an amulet of reflection (around neck)
 u - the ring of the Hare (right branch) {EV+8}
   (You found it on level 6 of the Dungeon)

   [ring of evasion]

   EV:        It affects your evasion (+8).
 G - a ring of resist corrosion
Wands
 j - a wand of iceblast (6)
 E - a wand of polymorph (4)
 J - a wand of mindburst (9)
Scrolls
 c - a scroll of immolation
 d - a scroll of amnesia
 k - a scroll of fear
 q - 3 scrolls of fog
 C - a scroll of magic mapping
Potions
 g - a potion of ambrosia {unknown}
 v - a potion of berserk rage {unknown}
 z - a potion of resistance {unknown}
 A - 2 potions of mutation
 B - 2 potions of curing {unknown}
 D - 2 potions of degeneration {unknown}
 F - a potion of invisibility {unknown}


   Skills:
 + Level 5.4 Fighting
 + Level 5.4 Short Blades
 + Level 5.4 Long Blades
 + Level 5.4 Axes
 + Level 5.4 Maces & Flails
 + Level 5.4 Polearms
 + Level 5.4 Staves
 + Level 5.4 Slings
 + Level 5.4 Bows
 + Level 5.4 Crossbows
 + Level 5.4 Throwing
 + Level 5.4 Armour
 + Level 7.5 Dodging
 + Level 7.0 Stealth
 + Level 5.4 Shields
 + Level 5.4 Unarmed Combat
 + Level 7.5 Spellcasting
 + Level 4.5 Conjurations
 + Level 4.5 Hexes
 + Level 8.5 Summonings
 + Level 4.5 Necromancy
 + Level 4.5 Translocations
 + Level 4.5 Transmutations
 + Level 4.5 Fire Magic
 + Level 4.5 Ice Magic
 + Level 4.5 Air Magic
 + Level 4.5 Earth Magic
 + Level 4.5 Poison Magic
 + Level 6.0 Invocations
 + Level 5.4 Evocations


You had 15 spell levels left.
You knew the following spells:

 Your Spells              Type           Power      Damage    Failure   Level
a - Call Canine Familiar  Summ           39%        N/A       1%          3
b - Call Imp              Summ           39%        N/A       1%          2
d - Summon Lightning Spi  Summ/Air       31%        N/A       7%          4

Your spell library contained the following spells:

 Spells                   Type           Power      Damage    Failure   Level
 Animate Skeleton         Necr           48%        N/A       1%          1
 Apportation              Tloc           48%        N/A       1%          1
 Pain                     Necr           96%        1d8       1%          1
 Summon Small Mammal      Summ           100%       N/A       1%          1
 Summon Guardian Golem    Hex/Summ       31%        N/A       1%          3
 Blink                    Tloc           48%        N/A       2%          2
 Ensorcelled Hibernation  Hex/Ice        48%        N/A       2%          2
 Sublimation of Blood     Necr           24%        N/A       2%          2
 Wereblood                Tmut           24%        N/A       2%          2
 Spider Form              Tmut/Pois      24%        N/A       4%          3
 Vampiric Draining        Necr           24%        2d7       4%          3
 Animate Armour           Summ/Erth      62%        N/A       7%          4
 Anguish                  Hex/Necr       12%        N/A       16%         4
 Alistair's Intoxication  Tmut/Pois      16%        N/A       38%         5
 Blade Hands              Tmut           12%        N/A       38%         5
 Manifold Assault         Tloc           24%        N/A       38%         5
 Iron Shot                Conj/Erth      12%        9d3       93%         6
 Summon Hydra             Summ           19%        N/A       94%         7
 Haunt                    Necr/Summ      15%        N/A       99%         7
 Storm Form               Tmut/Air       12%        N/A       100%        7
 Infestation              Necr           12%        N/A       100%        8
 Animate Dead             Necr           Unusable   N/A       N/A         4

Dungeon Overview and Level Annotations

Branches:
Dungeon (10/15)            Temple (1/1) D:5            Lair (0/6) D:10
    Orc (0/2) D:10

Altars:
Ashenzari
Cheibriados
Dithmenos
Elyvilon
Fedhas
Gozag
Hepliaklqana
Kikubaaqudgha
Makhleb
Nemelex Xobeh
Okawaru
Qazlal
Ru
Sif Muna
Trog
Uskayaw
Vehumet
Wu Jian
Xom
Yredelemnul
Zin
The Shining One
Beogh
Jiyva

Shops:
D:2 [

Annotations:
D:9 3 runed translucent doors, makewrite's ghost, journeyman TrBe
D:10 Erolcha


Innate Abilities, Weirdness & Mutations

You are a tree.
Your roots penetrate the ground, keeping you stationary.
You cannot be teleported.
You are immune to unholy pain and torment.
Your maximum health is greatly increased.
Your equipment is partially melded.
((You have very sharp teeth.))
Your uncanny sense of smell can sniff out nearby items.
Your experience applies equally to all skills.


Message History

The thrashing horror tramples you.
* * * LOW HITPOINT WARNING * * *
The thrashing horror tramples you but does no damage.
The ufetubus hits you but does no damage.
You block the ufetubus's attack.
The ynoxinul gestures.
The great orb of eyes bites you.
* * * LOW HITPOINT WARNING * * *
The thrashing horror tramples you but does no damage.
You block the thrashing horror's attack.
You slash the ynoxinul!
You kill the ynoxinul!
That felt strangely unrewarding.
The ufetubus disappears in a puff of smoke! x8
The tentacled starspawn bites you but does no damage.
The tentacled starspawn tentacle-slaps you but does no damage.
The thrashing horror tramples you but does no damage. x2
The great orb of eyes bites you.
* * * LOW HITPOINT WARNING * * *
You feel much better. The thrashing horror tramples you.
The thrashing horror tramples you but does no damage.
The tentacled starspawn bites you but does no damage.
The tentacled starspawn tentacle-slaps you but does no damage.
The great orb of eyes bites you!
* * * LOW HITPOINT WARNING * * *
You cannot move.
You cannot move.
You cannot move.
You slash the tentacled starspawn!
The tentacled starspawn is severely damaged.
The tentacled starspawn bites you but does no damage.
The tentacled starspawn completely misses you.
You slash the tentacled starspawn!
The tentacled starspawn is severely damaged.
The great orb of eyes gazes at you.
Your mind is blasted!
* * * LOW HITPOINT WARNING * * *
The tentacled starspawn bites you!!
You die...
Your body crumbles into a pile of gold.

### # .
#### # ≈ =#
.. ###.#
### ###. ..
##
..##.##.# #
#.##8
#.'.≈.....
#....#X.##
## .# #
#.#♣#§## ##
#.§G...#
#...# ∆ ∆
....#.....#
∆# ..
#..§####
#.# #...#
.. #... ∆
#X# ..#. .
.#.#.. ∆.w
#. .


You could see a tentacled starspawn (ally target), a great orb of eyes and a
friendly lightning spire (summoned).

Vanquished Creatures
  A smoke demon (Abyss:1)
  Grinder (D:3)
  A ynoxinul (Abyss:1)
  A wraith (D:10)
  A yak (D:8)
  An orc warrior (D:9)
  An ice beast (D:6)
  2 small abominations (Abyss:1)
  A necrophage (D:6)
  A killer bee (D:9)
  A howler monkey (D:6)
  2 orc wizards
  A nameless horror (D:9)
  2 gnolls (D:9)
  An adder (D:6)
  3 orcs
  2 ball pythons
  An endoplasm (D:2)
  3 giant cockroaches
  2 hobgoblins (D:2)
  4 bats (D:2)
  2 frilled lizards
  4 goblins
  A starspawn tentacle (Abyss:1)
40 creatures vanquished.

Vanquished Creatures (collateral kills)
  A two-headed ogre (D:9)
  A wraith (D:7)
  3 yaks
  A ynoxinul (Abyss:1)
  A steam dragon (D:7)
  Menkaure (D:6)
  An acid dragon (D:9)
  4 water moccasins
  3 ice beasts
  A sky beast (D:8)
  2 ogres
  Blork the orc (D:4)
  2 gnoll sergeants (D:9)
  A water moccasin skeleton (D:6)
  2 killer bees (D:9)
  A nameless horror (D:6)
  18 wights
  2 howler monkeys (D:7)
  5 orc priests
  A hound (D:4)
  2 jellies
  A centaur skeleton (D:5)
  An iguana (D:6)
  3 orc wizards
  Robin (D:2)
  11 gnolls
  6 adders
  2 white imps (D:6)
  An adder skeleton (D:2)
  2 worms (D:2)
  16 orcs
  7 endoplasms
  2 giant cockroaches
  6 goblins
  4 hobgoblins
  A quokka (D:1)
  A ball python (D:2)
  A bat (D:1)
  A frilled lizard (D:2)
  4 kobolds
  3 rats
128 creatures vanquished.

Vanquished Creatures (others)
  6 starspawn tentacles (Abyss:1)
6 creatures vanquished.

Grand Total: 174 creatures vanquished

Notes
Turn   | Place    | Note
-------+----------+-------------------------------------------
     0 | D:1      | wilfster70 the Gnoll Summoner began the quest for the Orb.
     0 | D:1      | Reached XP level 1. HP: 13/13 MP: 6/6
   224 | D:1      | Reached XP level 2. HP: 19/19 MP: 5/7
   228 | D:1      | Learned a level 2 spell: Call Imp
   234 | D:1      | Found a faded altar of an unknown god.
   869 | D:2      | Reached skill level 5 in Spellcasting
   869 | D:2      | Reached XP level 3. HP: 22/25 MP: 4/9
   873 | D:2      | Learned a level 3 spell: Call Canine Familiar
  1030 | D:2      | Noticed Robin
  1305 | D:1      | Reached skill level 1 in Invocations
  1902 | D:2      | Reached skill level 1 in Fighting
  1902 | D:2      | Reached skill level 1 in Short Blades
  1902 | D:2      | Reached skill level 1 in Long Blades
  1902 | D:2      | Reached skill level 1 in Axes
  1902 | D:2      | Reached skill level 1 in Maces & Flails
  1902 | D:2      | Reached skill level 1 in Polearms
  1902 | D:2      | Reached skill level 1 in Staves
  1902 | D:2      | Reached skill level 1 in Slings
  1902 | D:2      | Reached skill level 1 in Bows
  1902 | D:2      | Reached skill level 1 in Crossbows
  1902 | D:2      | Reached skill level 1 in Throwing
  1902 | D:2      | Reached skill level 1 in Armour
  1902 | D:2      | Reached skill level 1 in Shields
  1902 | D:2      | Reached skill level 1 in Unarmed Combat
  1902 | D:2      | Reached skill level 1 in Evocations
  2076 | D:2      | Reached XP level 4. HP: 26/32 MP: 7/11
  2081 | D:2      | Learned a level 4 spell: Summon Lightning Spire
  2381 | D:2      | Found Azeiv's Antique Armour Emporium.
  2427 | D:2      | Killed Robin
  2644 | D:3      | Noticed Grinder
  2880 | D:3      | Killed Grinder
  2881 | D:3      | Reached skill level 1 in Conjurations
  2881 | D:3      | Reached skill level 1 in Hexes
  2881 | D:3      | Reached skill level 1 in Necromancy
  2881 | D:3      | Reached skill level 1 in Translocations
  2881 | D:3      | Reached skill level 1 in Transmutations
  2881 | D:3      | Reached skill level 1 in Fire Magic
  2881 | D:3      | Reached skill level 1 in Ice Magic
  2881 | D:3      | Reached skill level 1 in Air Magic
  2881 | D:3      | Reached skill level 1 in Earth Magic
  2881 | D:3      | Reached skill level 1 in Poison Magic
  2881 | D:3      | Reached XP level 5. HP: 21/38 MP: 6/12
  2881 | D:3      | Reached XP level 6. HP: 25/44 MP: 7/14
  3181 | D:3      | Reached skill level 5 in Dodging
  3275 | D:4      | Found a blossoming altar of Fedhas.
  3322 | D:4      | Noticed Blork the orc
  3354 | D:4      | Killed Blork the orc
  3794 | D:4      | Noticed a sky beast
  3829 | D:5      | Entered Level 5 of the Dungeon
  3831 | D:5      | Found a staircase to the Ecumenical Temple.
  3841 | Temple   | Entered the Ecumenical Temple
  3891 | Temple   | Became a worshipper of Gozag Ym Sagoz the Greedy
  4202 | D:5      | Reached XP level 7. HP: 50/50 MP: 15/15
  5252 | D:2      | Bought a pair of glowing gloves for 210 gold pieces
  5420 | D:6      | Reached skill level 5 in Stealth
  5471 | D:6      | Upgraded the game from 0.29-a0-43-g62a80824bf to
                  | 0.29-a0-320-g9f8742066b
  5492 | D:6      | Reached XP level 8. HP: 52/57 MP: 14/16
  5494 | D:6      | Upgraded the game from 0.29-a0-320-g9f8742066b to
                  | 0.29-a0-617-g7a6b98fccd
  6312 | D:6      | Noticed Menkaure
  6321 | D:6      | Killed Menkaure
  7043 | D:6      | Reached XP level 9. HP: 65/65 MP: 16/18
  7159 | D:6      | Found the ring of the Hare {EV+8}
  8162 | D:7      | Reached skill level 8 in Summonings
  8401 | D:8      | Found an iron altar of Okawaru.
  8401 | D:8      | Found a hide-covered altar of Uskayaw.
  8401 | D:8      | Found a radiant altar of Vehumet.
  8402 | D:8      | Found a glowing silver altar of Zin.
  8405 | D:8      | Found a broken altar of Ashenzari.
  8405 | D:8      | Found an ancient bone altar of Kikubaaqudgha.
  8492 | D:8      | Reached skill level 5 in Invocations
  8527 | D:8      | Found a shadowy altar of Dithmenos.
  8974 | D:8      | Found a shimmering altar of Xom.
  8982 | D:8      | Found a sacrificial altar of Ru.
  8982 | D:8      | Found a white marble altar of Elyvilon.
  8985 | D:8      | Found a bloodstained altar of Trog.
  8986 | D:8      | Found a burning altar of Makhleb.
  9071 | D:8      | Identified a scroll of acquirement
  9071 | D:8      | Acquired a +4 lajatang of speed
  9504 | D:9      | Noticed a two-headed ogre
  9511 | D:9      | Killed a two-headed ogre
  9512 | D:9      | Reached skill level 5 in Fighting
  9512 | D:9      | Reached skill level 5 in Short Blades
  9512 | D:9      | Reached skill level 5 in Long Blades
  9512 | D:9      | Reached skill level 5 in Axes
  9512 | D:9      | Reached skill level 5 in Maces & Flails
  9512 | D:9      | Reached skill level 5 in Polearms
  9512 | D:9      | Reached skill level 5 in Staves
  9512 | D:9      | Reached skill level 5 in Slings
  9512 | D:9      | Reached skill level 5 in Bows
  9512 | D:9      | Reached skill level 5 in Crossbows
  9512 | D:9      | Reached skill level 5 in Throwing
  9512 | D:9      | Reached skill level 5 in Armour
  9512 | D:9      | Reached skill level 5 in Shields
  9512 | D:9      | Reached skill level 5 in Unarmed Combat
  9512 | D:9      | Reached skill level 5 in Evocations
  9512 | D:9      | Reached XP level 10. HP: 74/74 MP: 14/20
 10555 | D:9      | Found a runed translucent gate.
 10555 | D:9      | Identified the +1 chain mail of Hoiptes {rElec Dex+2}
 10555 | D:9      | Noticed makewrite's ghost (journeyman TrBe)
 10556 | D:9      | Found a runed translucent gate.
 10557 | D:9      | Found a runed translucent gate.
 10684 | D:10     | Entered Level 10 of the Dungeon
 10821 | D:10     | Found a staircase to the Lair.
 10826 | D:10     | Noticed Erolcha
 10856 | D:10     | Found a staircase to the Orcish Mines.
 11070 | D:10     | Cast into level 1 of the Abyss (Erolcha)
 11091 | Abyss:1  | Noticed a smoke demon
 11100 | Abyss:1  | Killed a smoke demon
 11250 | Abyss:1  | Noticed a tentacled starspawn
 11263 | Abyss:1  | Noticed a thrashing horror
 11275 | Abyss:1  | Noticed a thrashing horror
 11275 | Abyss:1  | Noticed a great orb of eyes
 11276 | Abyss:1  | Paralysed by a great orb of eyes for 3 turns
 11295 | Abyss:1  | HP: 4/111 [disintegration (24)]
 11295 | Abyss:1  | Demolished by a tentacled starspawn

Illustrated notes

Levels and vault maps discovered:
D:1:      evilmike_arrival_rings, layout_loops_ring,
          shapermc_ecumenical_altar_starsandcircs, minmay_misc_feat_room,
          kennysheep_decorative_pillar, serial_park_tiny_1
D:2:      wander_river, layout_basic, serial_shops, shop, uniq_robin
D:3:      layout_rooms, hangedman_decor_opposing, uniq_grinder
D:4:      layout_rooms, nicolae_overflow_hidden_temple, uniq_blork_the_orc
D:5:      layout_loops_ring, minmay_temple_entry_junction_2
D:6:      layout_basic, minmay_fractal_squares_diagonal_5, uniq_menkaure
D:7:      layout_gridville, skrybe_limestone_x
D:8:      layout_basic, minitemple, grunt_temple_overflow_open
D:9:      layout_rooms, biasface_ghost_orc_armoury
D:10:     minmay_the_grid_octo_2x2 [minmay_the_grid_octo_checkerflower,
          minmay_the_grid_octo_clover, minmay_the_grid_octo_chip,
          minmay_the_grid_octo_prize_ultimate_mussel_roller],
          layout_loops_corners, lair_entry_dummy, orc_0_dummy, serial_aquarium,
          aquarium_bridge_straight [aquarium_subvault_bridge,
          aquarium_subvault_window, aquarium_subvault_bridge,
          aquarium_subvault_wall], aquarium_window_1, aquarium_window_2,
          aquarium_window_fake, aquarium_view_2f, aquarium_view_2e,
          aquarium_balcony_3a, uniq_amaemon, uniq_erolcha
Temple:   pf_slimified_temple
Abyss:1:  base: Temple, hangedman_cross_veins

Skill      XL: |  1  2  3  4  5  6  7  8  9 10 |
---------------+-------------------------------+-----
Spellcasting   | 5 6 7 |  7.5
Invocations    | 1 2 3 4 5 6 |  6.0
Fighting       | 1 2 3 5 |  5.4
Short Blades   | 1 2 3 5 |  5.4
Long Blades    | 1 2 3 5 |  5.4
Axes           | 1 2 3 5 |  5.4
Maces & Flails | 1 2 3 5 |  5.4
Polearms       | 1 2 3 5 |  5.4
Staves         | 1 2 3 5 |  5.4
Slings         | 1 2 3 5 |  5.4
Bows           | 1 2 3 5 |  5.4
Crossbows      | 1 2 3 5 |  5.4
Throwing       | 1 2 3 5 |  5.4
Armour         | 1 2 3 5 |  5.4
Shields        | 1 2 3 5 |  5.4
Unarmed Combat | 1 2 3 5 |  5.4
Evocations     | 1 2 3 5 |  5.4
Conjurations   | 1 2 3 4 |  4.5
Hexes          | 1 2 3 4 |  4.5
Necromancy     | 1 2 3 4 |  4.5
Translocations | 1 2 3 4 |  4.5
Transmutations | 1 2 3 4 |  4.5
Fire Magic     | 1 2 3 4 |  4.5
Ice Magic      | 1 2 3 4 |  4.5
Air Magic      | 1 2 3 4 |  4.5
Earth Magic    | 1 2 3 4 |  4.5
Poison Magic   | 1 2 3 4 |  4.5
Dodging        | 5 6 7 |  7.5
Stealth        | 5 6 7 |  7.0
Summonings     | 8 |  8.5

Action                   |  1- 3 |  4- 6 |  7- 9 | 10-12 || total
-------------------------+-------+-------+-------+-------++-------
Melee: Unarmed           |     4 |       |       |       ||     4
       Dagger            |    20 |    26 |    35 |       ||    81
       Bite              |     1 |     1 |     1 |     7 ||    10
       Lajatang          |       |       |    12 |    67 ||    79
       Mace              |       |       |     3 |       ||     3
       Punch             |       |       |     1 |       ||     1
 Cast: Summon Small Mamm |    16 |     3 |       |       ||    19
       Call Imp          |     4 |     4 |    16 |     2 ||    26
       Call Canine Famil |     8 |    17 |    33 |     8 ||    66
       Summon Lightning  |       |       |    28 |    22 ||    50
  Use: Scroll            |       |     1 |    13 |     1 ||    15
       Potion            |       |       |       |     4 ||     4
 Stab: Sleeping          |     4 |       |     1 |     1 ||     6
       Distracted        |       |       |     4 |     2 ||     6
Armor: Robe              |    11 |     9 |    10 |    14 ||    44
       Skin              |       |       |       |    61 ||    61
Dodge: Dodged            |    38 |    18 |    48 |    87 ||   191
Block: Other             |     3 |     5 |    17 |    30 ||    55

Table legend: (Time is in decaauts)
 A = Elapsed time spent in this place.
 B = Non-inter-level travel time spent in this place.
 C = Inter-level travel time spent in this place.
 D = Time resting spent in this place.
 E = Time spent auto-exploring this place.
 F = Levels seen in this place.
 G = Mean time per level.
                   A        B        C        D        E       F      G
               +--------+--------+--------+--------+--------+-----+--------+
         Total |  11324 |  10674 |    650 |   3180 |   3879 |  12 |  943.7 |
       Dungeon |  10885 |  10252 |    633 |   2895 |   3879 |  10 | 1088.5 |
        Temple |    221 |    204 |     17 |    149 |      0 |   1 |  221.0 |
         Abyss |    217 |    217 |      0 |    136 |      0 |   1 |  217.0 |
               +--------+--------+--------+--------+--------+-----+--------+

Top non-repeatable levels by time:
     D:6: 1845 daAuts
     D:2: 1701 daAuts
     D:5: 1352 daAuts
     D:8: 1347 daAuts
     D:1: 1304 daAuts
     D:9: 1121 daAuts
     D:7: 924 daAuts
     D:3: 730 daAuts
     D:4: 359 daAuts
  Temple: 221 daAuts
 Abyss:1: 217 daAuts
    D:10: 199 daAuts
